 Dungeon Crawl Stone Soup version 0.29.1-1-gd02db6906a (webtiles) character file.

Game seed: 17500305378027829408

243 dave1331 the Chopper (level 6, 0/56 HPs)
             Began as a Hill Orc Fighter on Oct 4, 2022.
             Slain by a yak (7 damage)
             ... on level 5 of the Dungeon.
             The game lasted 00:06:34 (2858 turns).

dave1331 the Chopper (Hill Orc Fighter)             Turns: 2858, Time: 00:06:34

Health: 0/56       AC:  7    Str: 21    XL:     6   Next: 9%
Magic:  6/6        EV:  9    Int:  8    God:
Gold:   125        SH:  4    Dex: 10    Spells: 5/5 levels left

rFire   . . .      SeeInvis .   a - +1 war axe
rCold   . . .      Faith    .   c - +0 buckler
rNeg    . . .      Spirit   .   b - +0 scale mail
rPois   .          Reflect  .   (no helmet)
rElec   .          Harm     .   (no cloak)
rCorr   .          Rampage  .   (no gloves)
Will    .....                   (no boots)
Stlth   ..........              (no amulet)
HPRegen 0.18/turn               (no ring)
MPRegen 0.10/turn               (no ring)

@: no status effects
A: no striking features
a: no special abilities


You were on level 5 of the Dungeon.
You visited 1 branch of the dungeon, and saw 5 of its levels.

You collected 125 gold pieces.

Inventory:

Hand Weapons
 a - a +1 war axe (weapon)
Armour
 b - a +0 scale mail (worn)
 c - a +0 buckler (worn)
Jewellery
 e - an amulet of magic regeneration
Scrolls
 d - 5 scrolls of identify


   Skills:
 + Level 5.1 Fighting
 + Level 5.5 Axes
 + Level 4.2 Armour
 + Level 1.0 Dodging
 + Level 3.8 Shields


You had 5 spell levels left.
You didn't know any spells.
Your spell library contained the following spells:

 Spells                   Type           Power      Damage    Failure   Level
 Foxfire                  Conj/Fire      0%         2x1d4     83%         1
 Sublimation of Blood     Necr           0%         N/A       92%         2
 Wereblood                Tmut           0%         N/A       92%         2
 Conjure Flame            Conj/Fire      0%         6-21      99%         3
 Inner Flame              Hex/Fire       0%         N/A       99%         3
 Flame Wave               Conj/Fire      0%         2d4       100%        4
 Summon Hydra             Summ           0%         N/A       100%        7


Dungeon Overview and Level Annotations

Branches:
Dungeon (5/15)
 Temple: D:4-7

Altars:


Message History

Natasha claws you. x2
You hit Natasha.
Natasha is almost dead.
Natasha barely misses you.
You hit Natasha.
You kill Natasha!
Natasha growls in agony!
Your Dodging skill increases to level 1!
You have reached level 6!
HP restored.
You see here a +3 spear.
Found 10 gold pieces.
You see here a +3 spear.
A yak comes into view.
Found a stone staircase leading down.
The yak bellows!
A yak comes into view. 2 yaks come into view.
The yak bellows! x2
A yak comes into view.
You block the yak's attack. The yak gores you. The yak barely misses you.
The yak attacks as you move away! The yak gores you but does no damage.
The yak attacks as you move away! The yak gores you.
The yak attacks as you move away! The yak gores you!
The yak attacks as you move away! The yak gores you but does no damage.
The yak attacks as you move away! The yak gores you! The yak barely misses you.
There is a stone staircase leading up here.
You can't go down here!
The yak gores you! The yak gores you but does no damage.
You barely miss the yak. You hit the yak. The yak closely misses you.
You closely miss the yak. You hit the yak. x2
The yak gores you but does no damage. The yak gores you.
You barely miss the yak. You hit the yak. x2; You slash the yak!
The yak gores you. The yak gores you but does no damage. The yak gores you!
* * * LOW HITPOINT WARNING * * *
The yak gores you but does no damage. The yak gores you!
You die...

###############
#..............
#..............
#..............
#..............
#......#######+
#....<.# #....@Y#
#...YYY#
#....Y.#####
+..........#
#..........#
#..........#
#..........######+#
#######............
#............


You could see 5 yaks.

Vanquished Creatures
  A necrophage (D:4)
  Natasha (twice) (D:4 D:5)
  7 adders
  A worm (D:2)
  A dart slug (D:3)
  5 orcs
  2 ball pythons (D:3)
  An endoplasm (D:3)
  A giant cockroach (D:1)
  5 goblins
  7 hobgoblins
  6 kobolds
  6 quokkas
  8 bats
  3 frilled lizards
  6 rats
62 creatures vanquished.

Notes
Turn   | Place    | Note
-------+----------+-------------------------------------------
     0 | D:1      | dave1331 the Hill Orc Fighter began the quest for the Orb.
     0 | D:1      | Reached XP level 1. HP: 19/19 MP: 1/1
   278 | D:1      | Reached XP level 2. HP: 24/27 MP: 2/2
   827 | D:2      | Reached XP level 3. HP: 34/34 MP: 3/3
  1069 | D:2      | Reached XP level 4. HP: 24/41 MP: 4/4
  2164 | D:3      | Reached XP level 5. HP: 47/47 MP: 5/5
  2529 | D:4      | Noticed Natasha
  2536 | D:4      | Killed Natasha
  2541 | D:4      | Reached skill level 5 in Fighting
  2541 | D:4      | Reached skill level 5 in Axes
  2706 | D:4      | Noticed Natasha
  2726 | D:5      | Entered Level 5 of the Dungeon
  2731 | D:5      | Killed Natasha
  2732 | D:5      | Reached skill level 1 in Dodging
  2732 | D:5      | Reached XP level 6. HP: 41/56 MP: 6/6
  2832 | D:5      | Noticed a yak
  2832 | D:5      | Noticed a yak
  2833 | D:5      | Noticed a yak
  2833 | D:5      | Noticed a yak
  2833 | D:5      | Noticed a yak
  2858 | D:5      | Slain by a yak

Illustrated notes

Levels and vault maps discovered:
D:1:      saegor_arrival_simple_d, layout_rooms
D:2:      layout_rooms, bh_walls_and_bars
D:3:      layout_basic
D:4:      layout_cave_pools, nemelex_dance_club_becter, uniq_natasha
D:5:      layout_gridville, mainiacjoe_overflow_paths

Skill      XL: |  1  2  3  4  5 |
---------------+----------------+-----
Fighting       | 4 5 |  5.1
Axes           | 3 4 5 |  5.5
Armour         | 4 |  4.2
Dodging        | 1 |  1.0
Shields        | |  3.8

Action                   |  1- 3 |  4- 6 || total
-------------------------+-------+-------++-------
Melee: War axe           |    70 |    95 ||   165
  Use: Potion            |     3 |     2 ||     5
       Scroll            |     2 |     4 ||     6
Armor: Scale mail        |    35 |    61 ||    96
Dodge: Dodged            |    43 |    67 ||   110
Block: Buckler           |    19 |    32 ||    51
